[Event "FIDE Womens Grand Swiss 2021"]
[Site "Riga"]
[Date "2021.11.03"]
[Round "7.23"]
[White "Kamalidenova, Meruert"]
[Black "Eizaguerri Floris, Maria"]
[Result "1-0"]
[ECO "B80"]
[WhiteElo "2339"]
[BlackElo "2328"]
[Annotator "NA"]
[PlyCount "107"]
[EventDate "2021.10.27"]
[EventType "swiss"]
[EventCountry "LAT"]
[Tiebreak "Cut1 Buchholz+Sonneborn-Berger (Swiss)"]
[SourceTitle "playchess.com"]
[Source "ChessBase"]
[SourceQuality "1"]
[TimeControl "40/6000+30:20/3000+30:900+30"]

1. e4 c5 2. Nf3 e6 3. d4 cxd4 4. Nxd4 Nc6 5. Nc3 a6 6. g4 Qc7 7. Be3 d6 8. Qd2 Nf6 9. f3 Be7 10. O-O-O Nd7 11. f4 O-O 12. g5 b5 13. Nxc6 Qxc6 14. Bg2 Bb7 15. Rhg1 b4 16. Ne2 Rfc8 17. Kb1 Nc5 $11 18. Bxc5 Qxc5 19. Nd4 a5 20. f5 e5 21. Nb3 Qc4 22. f6 Bf8 23. fxg7 Bxg7 24. Qd3 Qc6 25. Bh3 Ba6 26. Qd2 Rc7 27. Bf5 a4 28. Nc1 b3 29. cxb3 axb3 30. Nxb3 Bc4 31. Nc1 Rca7 32. b3 Qb5 33. Qb2 Be6 34. Bxe6
fxe6 35. Rxd6 Bf8 36. Rxe6 Ba3 37. Qxe5 Qxe5 38. Rxe5 Bxc1 39. Rxc1 Rxa2 40. Rc8+ Rxc8 41.
Kxa2 Rc2+ 42. Ka3 Rxh2 43. b4 Kf7 44. b5 Rh1 45. Kb4 Rb1+ 46.
Kc5 Rc1+ 47. Kd6 Rd1+ 48. Kc6 Rc1+ 49. Rc5 Re1 50. b6 Rxe4 51. b7 Re8 52. Kc7 Re7+ 53. Kb6 Re6+ 54. Rc6 1-0

[Event "FIDE Womens Grand Swiss 2021"]
[Site "Riga"]
[Date "2021.11.03"]
[Round "7.24"]
[White "Danielian, Elina"]
[Black "Golsta, Madara"]
[Result "1-0"]
[ECO "A49"]
[WhiteElo "2450"]
[BlackElo "2003"]
[Annotator "ChessBase"]
[PlyCount "125"]
[EventDate "2021.10.27"]
[EventType "swiss"]
[EventCountry "LAT"]
[Tiebreak "Cut1 Buchholz+Sonneborn-Berger (Swiss)"]
[SourceTitle "playchess.com"]
[Source "ChessBase"]
[SourceQuality "1"]
[TimeControl "40/6000+30:20/3000+30:900+30"]

1. Nf3 Nf6 2. c4 g6 3. g3 Bg7 4. Bg2 O-O 5. O-O c5 6. d4 cxd4 7. Qxd4 Nc6 8. Qh4 Qa5 9. Nc3 d6 10. Rd1 Qh5 11. Qxh5 Nxh5 12. Nd5 h6 13. h3 Kh7 14. g4 Nf6 15. Rb1 Be6 16. g5 Ne4 17. gxh6 Bxh6 18. Bxh6 Kxh6 19. Nd4 Bxd5 20. cxd5 Nxd4 21. Rxd4 Nf6 22. Rc1 Rac8 23. Rdc4 Rxc4 24. Rxc4 Rd8 25. h4 b5 26. Rc7 Rd7 27. Rc8 Rb7 28. e4 Nd7 29. Kh2 Nc5 30. e5 Nd3 31. e6 Kg7 32. Rd8 fxe6 33.
dxe6 Rb6 34. Re8 Kf6 35. Bh3 Nf4 36. Rf8+ Ke5 37. Bg4 Nxe6 38. Rf7 Rb7 39. Kg3 d5 40. f4+ Kd6 41. Rh7 Nxf4 42. Rf7 Nd3 43. Rg7 Ne5 44. Be2 Ke6 45. Kf4 Kf6 46. Rg8 Nd7 47. Rc8 e5+ 48. Ke3 Kf5 49. Bd3+ e4 50. Bf1 Kg4 51. Rh8 Nf6 52. Be2+ Kf5 53. Kd4 Rc7 54. Bxb5 Rc2 55. Rf8 Rd2+ 56. Kc3 e3 57. Rf7 d4+ 58. Kb3 d3 59. Kc3 Rc2+ 60. Kxd3 e2 61. Bd7+ Ke5 62. Kxc2 Nxd7 63. Kd2 1-0

[Event "FIDE Womens Grand Swiss 2021"]
[Site "Riga"]
[Date "2021.11.03"]
[Round "7.25"]
[White "Milliet, Sophie"]
[Black "February, Jesse Nikki"]
[Result "1-0"]
[ECO "C10"]
[WhiteElo "2410"]
[BlackElo "1857"]
[Annotator "NA"]
[PlyCount "111"]
[EventDate "2021.10.27"]
[EventType "swiss"]
[EventCountry "LAT"]
[Tiebreak "Cut1 Buchholz+Sonneborn-Berger (Swiss)"]
[SourceTitle "playchess.com"]
[Source "ChessBase"]
[SourceQuality "1"]
[TimeControl "40/6000+30:20/3000+30:900+30"]

1. e4 e6 2. d4 d5 3. Nc3 dxe4 4. Nxe4 Nd7 5. Nf3 Ngf6 6. Nxf6+ Nxf6 7. Ne5 Be7 8. Bd3 O-O 9. O-O c5 10. dxc5 Qd5 11. Qe2 Qxc5 12. Bg5 Rd8 13. Rfe1 Bd7 14. Bxf6 Bxf6 15. Qh5 Bxe5 16. Rxe5 ({Worse is} 16. Qxe5 Qxe5 17. Rxe5 Bc6 $11) 16... g6 17. Rxc5 gxh5 18. Rxh5 f5 19. Re1 Rf8 20. f4 Rae8 $18 21. Rh3 Rf6 22. Rhe3 Kf7 23. c3 Rg8 24. Bc4 Rg4 25.
g3 Rg8 26. Bd5 b6 27. Bf3 Ke7 28. Rd1 Be8 29. Red3 h5 30. Rd8 Rff8 31. Ra8 a5 32. Ra7+ Kf6 33. Rh7 Bg6 34. Rb7 Rb8 35. Rdd7 Rgc8 36. Kf2 Be8 37. Rh7 Bg6 38. Rhc7 Rd8 39. Rxb8 Rxb8 40. Ke3 Bf7 41. a3 Be8 42. Rb7 Rxb7 43. Bxb7 e5 44. fxe5+ Kxe5 45. h4 Bf7 46. b4 axb4 47. cxb4 Be8 48. Bf3 Ke6 49. Kf4 Kf6 50. Bd1 Kg6 51. a4 Bc6 52. a5 bxa5 53. bxa5 Be4 54. a6 Kh6 55. a7 Kg6 56. Bf3 1-0

[Event "FIDE Womens Grand Swiss 2021"]
[Site "Riga"]
[Date "2021.11.04"]
[Round "8.7"]
[White "Pogonina, Natalija"]
[Black "Zawadzka, Jolanta"]
[Result "1-0"]
[ECO "E04"]
[WhiteElo "2467"]
[BlackElo "2428"]
[Annotator "ChessBase"]
[PlyCount "111"]
[EventDate "2021.10.27"]
[EventType "swiss"]
[EventCountry "LAT"]
[Tiebreak "Cut1 Buchholz+Sonneborn-Berger (Swiss)"]
[SourceTitle "playchess.com"]
[Source "ChessBase"]
[SourceQuality "1"]
[TimeControl "40/6000+30:20/3000+30:900+30"]

1. d4 d5 2. c4 e6 3. Nf3 Nf6 4. g3 dxc4 5. Bg2 a6 6. O-O Nc6 7. e3 Bd7 8. Qe2 Bd6 9. Nbd2 O-O 10. Nxc4 b5 11. Nxd6 cxd6 12. b3 Rc8 13. Ba3 b4 14. Bb2 Qb6 15. Nd2 Na5 16. Rfc1 Bb5 17. Qd1 d5 18. a3 Nc6 19. Nf3 a5 20. axb4 Nxb4 21. Ne1 Ne4 22. f3 Nd6 23. Qd2 Rxc1 24. Rxc1 Rc8 25. Ba3 Rxc1 26. Qxc1 Ba6 27. Qd2 Nf5 28. Bxb4 Qxb4 29. Qxb4 axb4 30. Nc2 Be2 31. Kf2 Bd1 32. Na1 e5 33. g4 Nh4 34. dxe5 Nxg2 35. Kxg2 Kf8 36. g5 Ke7 37. Kf2 Ke6 38. f4 Kf5 39. Ke1 Bg4 40. Nc2 Ke4 41. Kd2 Be6 42. Nd4 Bd7 43. Ke2 Bg4+ 44. Kf2 g6 45. Nc6 Bd1 46. Nxb4 Bxb3 47. Na6 Bd1 48. Nc5+ Kf5 49. Nb7 Ba4 50. Nd6+ Ke6 51. Ke2 Bd7 52. Kd3 Bc6 53. Kd4 Ba4 54. Nb7 Kf5 55. Nd8 Be8 56. h3 1-0

[Event "FIDE Womens Grand Swiss 2021"]
[Site "Riga"]
[Date "2021.11.04"]
[Round "8.8"]
[White "Cori T., Deysi"]
[Black "Shuvalova, Polina"]
[Result "1-0"]
[ECO "D70"]
[WhiteElo "2382"]
[BlackElo "2509"]
[Annotator "ChessBase"]
[PlyCount "121"]
[EventDate "2021.10.27"]
[EventType "swiss"]
[EventCountry "LAT"]
[Tiebreak "Cut1 Buchholz+Sonneborn-Berger (Swiss)"]
[SourceTitle "playchess.com"]
[Source "ChessBase"]
[SourceQuality "1"]
[TimeControl "40/6000+30:20/3000+30:900+30"]

1. d4 Nf6 2. c4 g6 3. f3 d5 4. cxd5 Nxd5 5. e4 Nb6 6. Nc3 Bg7 7. Be3 c6 8. Rc1 O-O 9. h4 h5 10. b3 Qd6 11. e5 Qb4 12. Kf2 Na6 13.
Bd3 Rd8 14. Nge2 c5 15. a3 Qa5 16. Bd2 c4 17. Na4 Qb5 18.
Bxc4 Nxc4 19. bxc4 Qd7 20. Bg5 Rb8 21. Nac3 Nc7 22. Qa4 Qxa4 23. Nxa4 Kf8 24. Nac3 b6 25. a4 a6 26. Bf4 Ne6 27. Be3 Bd7 28. Rb1 Rdc8 29. Nd5 b5 30. axb5 axb5 31. c5 Nc7 32. Nb4 Ra8 33. Nc3 f6 34. exf6 Bxf6 35. Nbd5 Nxd5 36. Nxd5 Bc6 37. Nb4 Be8 38. d5 Kf7 39. Rb3 Ra4 40. c6 e6 41. dxe6+ Kxe6 42. Bg5 Bd4+ 43. Kg3 Kd6 44. Bf4+ Ke6 45. Re1+ Kf7 46. Rd1 Bb6 47. Nd3 Bxc6 48. Ne5+ Ke6 49. Nxc6 Rxc6 50. Re1+ Kf7 51. Rxb5 Bc7 52. Bxc7 Rxc7 53. Rb6 Ra2 54. Rd1 Rcc2 55. Rd7+ Ke8 56. Rh7 Rxg2+ 57. Kf4 Ra4+ 58. Ke5 Ra5+ 59. Ke6 Re2+ 60. Kf6 Rf5+ 61. Kxg6 1-0

[Event "FIDE Womens Grand Swiss 2021"]
[Site "Riga"]
[Date "2021.11.04"]
[Round "8.15"]
[White "Vaishali R"]
[Black "Bivol, Alina"]
[Result "1-0"]
[ECO "C42"]
[WhiteElo "2419"]
[BlackElo "2392"]
[Annotator "NA"]
[PlyCount "97"]
[EventDate "2021.10.27"]
[EventType "swiss"]
[EventCountry "LAT"]
[Tiebreak "Cut1 Buchholz+Sonneborn-Berger (Swiss)"]
[SourceTitle "playchess.com"]
[Source "ChessBase"]
[SourceQuality "1"]
[TimeControl "40/6000+30:20/3000+30:900+30"]

1. e4 e5 2. Nf3 Nf6 3. Nxe5 d6 4. Nf3 Nxe4 5. Bd3 d5 6.
O-O Be7 7. Re1 Bf5 8. Nc3 Nxc3 9. dxc3 Bxd3 10. Qxd3 O-O 11. Bf4 c6 12. Nd4 Bg5 13. Bxg5 Qxg5 14. Re3 Nd7 15. Rae1 g6 16. Re7 (16. Nf3 $5 Qf4 17. Re7 $14) 16... Nc5 17. Qf3 Rab8 $11 18. R7e5 Qd2 19. R5e3 Ne6 20.
Nxe6 fxe6 21. Qe2 Qxe2 22. R3xe2 Rbd8 23. Rxe6 d4 24. cxd4 Rxd4 25. f3 Rf7 26. R1e2 Rfd7 27. Re8+ Kf7 28. Rh8 Kg7 29. Rb8 Rd1+ 30. Kf2 Ra1 31. a3 Rad1 32. Kg3 Rc1 33. h4 Rb1 34. c3 Kf7 35.
Kg4 Rbd1 36. h5 Rh1 37. hxg6+ hxg6 38. f4 Rhd1 39. g3 Rg1 40. Re3 Rb1 41. Re2 Rg1 42. Rh2 Kg7 43. Rbh8 Rd3 44. R8h7+ Kf6 45. R2h3 b6 46. Rxa7 Rg2 47. Rc7 Rd6 48. Rhh7 Ke6 49. c4 1-0

[Event "FIDE Womens Grand Swiss 2021"]
[Site "Riga"]
[Date "2021.11.04"]
[Round "8.16"]
[White "Maltsevskaya, Aleksandra"]
[Black "Melia, Salome"]
[Result "1/2-1/2"]
[ECO "E05"]
[WhiteElo "2411"]
[BlackElo "2371"]
[Annotator "NA"]
[PlyCount "99"]
[EventDate "2021.10.27"]
[EventType "swiss"]
[EventCountry "LAT"]
[Tiebreak "Cut1 Buchholz+Sonneborn-Berger (Swiss)"]
[SourceTitle "playchess.com"]
[Source "ChessBase"]
[SourceQuality "1"]
[TimeControl "40/6000+30:20/3000+30:900+30"]

1. d4 d5 2. Nf3 Nf6 3. c4 e6 4. g3 Be7 5. Bg2 O-O 6. O-O dxc4 7. Qc2 a6 8. a4 Bd7 9. Qxc4 Bc6 10. Qd3 Be4 11. Qb3 Nc6 12. Nc3 Na5 13.
Qd1 Bc6 14. Rb1 b5 15. b4 Nc4 16. axb5 axb5 17. Qb3 Ra6 18. Re1 Qa8 19. Nxb5 $1 Bxb5 20. Ne5 Qd8 21. Nxc4 $11 Qxd4 22. Na3 Ba4 23. Qe3 c5 24. b5 Rb6 25. Bc6 Nd5 26. Bxd5 Qxd5 27. Qf4 c4 28. Qxc4 Qxc4 29. Nxc4 Rxb5 30. Ba3 Rxb1 31. Rxb1 Bxa3 32. Nxa3 f6 33. Rb6 e5 34. Nc4 Bd1 35. Rb2 Rd8 36. Kg2 Ba4 37. Rb6 Bd1 38. Kf1 Bc2 39. Nd6 Bg6 40. f3 Kf8 41. Kf2 Ke7 42. Nc4 Rd7 43.
Na5 Rc7 44. Nc6+ Kd7 45. Nb4 Bf7 46. Ke3 Rc3+ 47. Kd2 Rb3 48.
Rb7+ Ke8 49. Rb8+ Kd7 50. Rb7+ 1/2-1/2

[Event "FIDE Womens Grand Swiss 2021"]
[Site "Riga"]
[Date "2021.11.04"]
[Round "8.17"]
[White "Divya Deshmukh"]
[Black "Gunina, Valentina"]
[Result "0-1"]
[ECO "B12"]
[WhiteElo "2305"]
[BlackElo "2462"]
[Annotator "ChessBase"]
[PlyCount "216"]
[EventDate "2021.10.27"]
[EventType "swiss"]
[EventCountry "LAT"]
[Tiebreak "Cut1 Buchholz+Sonneborn-Berger (Swiss)"]
[SourceTitle "playchess.com"]
[Source "ChessBase"]
[SourceQuality "1"]
[TimeControl "40/6000+30:20/3000+30:900+30"]

1. e4 c6 2. d4 d5 3. f3 dxe4 4. fxe4 e5 5. Nf3 Bg4 6. c3 Nd7 7. Bd3 Ngf6 8. O-O Bd6 9. Bg5 h6 10. Be3 Qc7 11. h3 Bh5 12. Qb3 O-O-O 13. Nbd2 g5 14. Nc4 g4 15. Nfxe5 Nxe5 16. dxe5 Bxe5 17. Nxe5 Qxe5 18. Rf5 Qg3 19. Bf4 Qxd3 20. Rxf6 Qxe4 21. hxg4 Rdg8 22. Bg3 Rxg4 23. Re1 Qd5 24. Qxd5 cxd5 25. Bf4 Rhg8 26. g3 Rxf4 27. Rxf4 Rxg3+ 28. Kf2 Rd3 29. Rd4 Rf3+ 30. Kg1 Rf5 31. c4 Bf3 32. Rf1 dxc4 33. Rxc4+ Kd7 34. Kh2 Rh5+ 35. Kg3 Bd5 36. Rh4 Rg5+ 37. Kf4 Be6 38. Rd1+ Ke7 39. Rd2 Rf5+ 40. Ke4 h5 41. Rdh2 Ra5 42. Rxh5 Rxa2 43. Rd2 b6 44. Rh8 Ra4+ 45. Rd4 Ra5 46. b4 Ra3 47. Ra8 b5 48. Rb8 a6 49. Rb6 Kf6 50. Rdd6 Rh3 51. Rd4 Ra3 52. Rdd6 Ra4 53. Rxa6 Rxb4+ 54. Rd4 Rb1 55. Rb6 Kg5 56. Ke5 Re1+ 57. Re4 f6+ 58. Kd4 Rd1+ 59. Kc5 Bc4 60. Rd4 Re1 61. Rd2 Rf1 62. Rg2+ Kf5 63. Rd6 Ke5 64. Rd8 f5 65. Rf8 Ke4 66. Rg6 f4 67. Rgf6 f3 68. Re8+ Kd3 69. Ref8 Ke3 70. Re8+ Kd2 71. Ref8 Be2 72. Rxf3 Bxf3 73. Rd8+ Ke3 74. Kxb5 Rc1 75. Kb4 Bc6 76. Kb3 Ke4 77. Kb4 Bd5 78. Rh8 Kd4 79. Rh4+ Be4 80. Rh3 Rc8 81. Rh5 Rc7 82. Rg5 Rh7 83. Rb5 Bc6 84. Rb6 Bd5 85. Rb5 Rh6 86. Ka5 Bc4 87. Rb8 Kc3 88. Ra8 Rc6 89. Ka4 Rb6 90. Ka5 Rb1 91. Ra7 Rb5+ 92. Ka6 Rb2+ 93. Ka5 Rb1 94. Rc7 Rb2 95. Ra7 Kd4 96. Rd7+ Kc5 97. Rc7+ Kd5 98. Rd7+ Kc6 99. Rd8 Be6 100. Rh8 Kc5 101. Rh5+ Bd5 102. Rh4 Rb1 103. Rf4 Rh1 104. Rg4 Rh2 105. Rf4 Be6 106. Ka6 Rh7 107. Ka5 Rh2 108. Rb4 Bc4 0-1

[Event "FIDE Womens Grand Swiss 2021"]
[Site "Riga"]
[Date "2021.11.04"]
[Round "8.18"]
[White "Cyfka, Karina"]
[Black "Sukandar, Irine Kharisma"]
[Result "1/2-1/2"]
[ECO "E01"]
[WhiteElo "2409"]
[BlackElo "2406"]
[Annotator "NA"]
[PlyCount "70"]
[EventDate "2021.10.27"]
[EventType "swiss"]
[EventCountry "LAT"]
[Tiebreak "Cut1 Buchholz+Sonneborn-Berger (Swiss)"]
[SourceTitle "playchess.com"]
[Source "ChessBase"]
[SourceQuality "1"]
[TimeControl "40/6000+30:20/3000+30:900+30"]

1. d4 d5 2. c4 e6 3. Nf3 Nf6 4. g3 Nbd7 5. Bg2 c6 6. Qc2 Bd6 7. O-O O-O 8. Nbd2 Qe7 9. b3 Re8 10. Bb2 Ba3 11. Ne5 a5 12. e4 Bxb2 $14 13. Qxb2 dxc4 14. Ndxc4 Nf8 15. Rac1 Rd8 16. Rfd1 Ra6 17. Nd3 Bd7 18. Nc5 Ra7 19. Qc3 Be8 20. h3 h5 21. e5 Nd5 22. Qf3 h4 23.
Ne4 a4 24. Ncd6 hxg3 25. fxg3 f5 26. exf6 gxf6 27. Nxe8 Rxe8 28. Rf1 Nh7 29. Rce1 axb3 30. axb3 b6 31. Qh5 Rd8 32. Nf2 Qd6 33. Ne4 Qe7 34. Nf2 Qd6 35. Ne4 Qe7 1/2-1/2

[Event "FIDE Womens Grand Swiss 2021"]
[Site "Riga"]
[Date "2021.11.04"]
[Round "8.19"]
[White "Garifullina, Leya"]
[Black "Kamalidenova, Meruert"]
[Result "1-0"]
[ECO "B67"]
[WhiteElo "2409"]
[BlackElo "2339"]
[Annotator "NA"]
[PlyCount "91"]
[EventDate "2021.10.27"]
[EventType "swiss"]
[EventCountry "LAT"]
[Tiebreak "Cut1 Buchholz+Sonneborn-Berger (Swiss)"]
[SourceTitle "playchess.com"]
[Source "ChessBase"]
[SourceQuality "1"]
[TimeControl "40/6000+30:20/3000+30:900+30"]

1. e4 c5 2. Nf3 d6 3. d4 cxd4 4. Nxd4 Nf6 5. Nc3 Nc6 6. Bg5 e6 7. Qd2 a6 8. O-O-O Bd7 9. f4 b5 10. a3 Qa5 11. Nb3 Qc7 12. Be2 Be7 13.
Bxf6 gxf6 14. Bh5 Rf8 15. Rhe1 O-O-O (15... Rb8
$142) 16. Re3 Kb8 17. Rg3 Na5 $18 18. Nxa5 Qxa5 19.
Qd4 Bc6 20. Bf3 Rg8 21. Rh3 Rg7 22. Rh5 Qc7 23. Kb1 Bb7 24.
f5 Rc8 25. Qd3 Qc4 26. Ne2 Qxd3 27. Rxd3 Rc4 28. Ng3 Bf8 29. Rh3 Bc8 30. Rd2 d5 31. exd5 exf5 32. d6 Bd7 33. b3 Rc8 34. Nh5 Rg6 35. Rh4 Re8 36. Rd1 Rh6 37. Rhd4 f4 38. a4 f5 39. axb5 axb5 40. Nxf4 Rxh2 41. Nd5 Rh6 42. Nb6 Rd8 43. c4 f4 44. Nxd7+ Rxd7 45. c5 Rf6 46.
Rb4 1-0

[Event "FIDE Womens Grand Swiss 2021"]
[Site "Riga"]
[Date "2021.11.04"]
[Round "8.20"]
[White "Lujan, Carolina"]
[Black "Danielian, Elina"]
[Result "1/2-1/2"]
[ECO "C00"]
[WhiteElo "2340"]
[BlackElo "2450"]
[Annotator "ChessBase"]
[PlyCount "69"]
[EventDate "2021.10.27"]
[EventType "swiss"]
[EventCountry "LAT"]
[Tiebreak "Cut1 Buchholz+Sonneborn-Berger (Swiss)"]
[SourceTitle "playchess.com"]
[Source "ChessBase"]
[SourceQuality "1"]
[TimeControl "40/6000+30:20/3000+30:900+30"]

1. e4 e6 2. Qe2 c5 3. Nf3 Nc6 4. g3 g6 5. Bg2 Bg7 6. O-O Nge7 7. c3 d6 8. Rd1 e5 9. a3 O-O 10. b4 Bg4 11. h3 Be6 12. Bb2 Qb6 13. d3 h6 14. Nbd2 cxb4 15.
axb4 a5 16. Ba3 axb4 17. cxb4 Ra4 18. b5 Qxb5 19. Bxd6 Rd8 20. Rab1 Qa6 21. Bc5 Nc8 22. Bf1 b6 23. Be3 Nd4 24. Bxd4 exd4 25. Rdc1 Nd6 26. e5 Nb5 27. Ne4 Ra2 28. Rb2 Ra8 29. Nf6+ Kh8 30.
Rxa2 Qxa2 31. Qe4 Qa3 32. Re1 Rd8 33. Qh4 Qe7 34. Rb1 Nc3 35.
Rxb6 1/2-1/2

[Event "FIDE Womens Grand Swiss 2021"]
[Site "Riga"]
[Date "2021.11.04"]
[Round "8.21"]
[White "Arakhamia-Grant, Ketevan"]
[Black "Arabidze, Meri"]
[Result "1/2-1/2"]
[ECO "B42"]
[WhiteElo "2376"]
[BlackElo "2441"]
[Annotator "NA"]
[PlyCount "92"]
[EventDate "2021.10.27"]
[EventType "swiss"]
[EventCountry "LAT"]
[Tiebreak "Cut1 Buchholz+Sonneborn-Berger (Swiss)"]
[SourceTitle "playchess.com"]
[Source "ChessBase"]
[SourceQuality "1"]
[TimeControl "40/6000+30:20/3000+30:900+30"]

1. e4 c5 2. Nf3 e6 3. d4 cxd4 4. Nxd4 a6 5. Bd3 Nf6 6. O-O e5 7. Nb3 d6 8. Bg5 Be7 9. Bxf6 Bxf6 10. c4 O-O 11. Nc3 Nc6 12. Nd5 Bg5 13.
Be2 Be6 14. g3 a5 15. a4 Bh6 16. Kh1 g6 17. Bg4 f5 18. Bh3 Rf7 19. Qe2 Qe8 20. Rad1 Rd8 21. f3 $11 Bg7 22. exf5 Bxf5 23. Bxf5 gxf5 24. Rfe1 Rf8 25. Kg2 Qf7 26. Qf2 Rfe8 27. Nc1 Nd4 28. Ne2 Ne6 29. Nec3 Nc5 30. Re2 Bf8 31. Kh1 Re6 32. Qg2 Rg6 33. Qf2 Rc8 34. Nb6 Rc6 35. Nbd5 Nb3 36. Ne3 Nd4 37. Red2 f4 38. gxf4 Qxf4 39. Ncd5 Qxf3+ 40. Qxf3 Nxf3 41. Rf2 e4 42. b3 Rc8 43. Nf5 Re8 44. Ng3 Bg7 45. Nxe4 Rxe4 46. Rxf3 Rge6 1/2-1/2

[Event "FIDE Womens Grand Swiss 2021"]
[Site "Riga"]
[Date "2021.11.04"]
[Round "8.25"]
[White "February, Jesse Nikki"]
[Black "Houska, Jovanka"]
[Result "0-1"]
[ECO "B15"]
[WhiteElo "1857"]
[BlackElo "2381"]
[Annotator "NA"]
[PlyCount "70"]
[EventDate "2021.10.27"]
[EventType "swiss"]
[EventCountry "LAT"]
[Tiebreak "Cut1 Buchholz+Sonneborn-Berger (Swiss)"]
[SourceTitle "playchess.com"]
[Source "ChessBase"]
[SourceQuality "1"]
[TimeControl "40/6000+30:20/3000+30:900+30"]

1. e4 c6 2. d4 d5 3. Nc3 dxe4 4. Nxe4 Nf6 5. Nxf6+ exf6 6. Nf3 Bd6 7. Be2 O-O 8. O-O Nd7 9. c4 Re8 10. Qc2 Nf8 11. Be3 Ng6 12. Rfe1 Bg4 13.
h3 Be6 14. b3 Qd7 15. Bf1 Re7 16. Rad1 Bf5 17. Qc1 Rae8 18. d5 c5 19. b4 b6 20. bxc5 bxc5 21. Qa3 Qc8 22. Bd2 Be4 23. g3 h5 24. Bg2 h4 25.
Nxh4 Nxh4 26. gxh4 Qf5 27. Bxe4 Rxe4 28. Rxe4 Rxe4 29. f4 Rd4 30. Qa4 Qxh3 31. Qe8+ Kh7 32. Qe2 Qg3+ 33. Kf1 Bxf4 34. Re1 Bxd2 35. Qh5+ Bh6 0-1

[Event "FIDE Womens Grand Swiss 2021"]
[Site "Riga"]
[Date "2021.11.05"]
[Round "9.1"]
[White "Kosteniuk, Alexandra"]
[Black "Lei, Tingjie"]
[Result "0-1"]
[ECO "B11"]
[WhiteElo "2518"]
[BlackElo "2505"]
[Annotator "ChessBase"]
[PlyCount "100"]
[EventDate "2021.10.27"]
[EventType "swiss"]
[EventCountry "LAT"]
[Tiebreak "Cut1 Buchholz+Sonneborn-Berger (Swiss)"]
[SourceTitle "playchess.com"]
[Source "ChessBase"]
[SourceQuality "1"]
[TimeControl "40/6000+30:20/3000+30:900+30"]

1. e4 c6 2. Nc3 d5 3. Nf3 dxe4 4. Nxe4 Nf6 5. Qe2 Bg4 6. h3 Bh5 7. Nxf6+ gxf6 8. b3 Na6 9. Bb2 Nb4 10. Qc4 e6 11. a3 Nd5 12. Qh4 Bxf3 13.
gxf3 Be7 14. Qg3 Qb6 15. f4 Bd6 16. Qf3 O-O-O 17. f5 Be5 18.
O-O-O Bxb2+ 19. Kxb2 Qd4+ 20. c3 Qf4 21. Qxf4 Nxf4 22. Rg1 Rhg8 23. Rg3 h5 24. d4 h4 25. Re3 e5 26. Kc2 Rg1 27. Re4 Rh1 28.
a4 Kc7 29. b4 Nxh3 30. Bxh3 Rxh3 31. dxe5 fxe5 32. Rxe5 Rxc3+ 33.
Kxc3 Rxd1 34. Re7+ Rd7 35. Re4 h3 36. Rh4 Rd5 37. Rxh3 Rxf5 38. f3 Kb6 39. Kb3 Rf4 40. a5+ Kb5 41. Kc3 Rc4+ 42. Kd3 Kxb4 43. a6 b5 44. Ke3 Kc3 45. Rh7 b4 46. Rxf7 b3 47. Rxa7 b2 48.
Rb7 Ra4 49. a7 c5 50. f4 Rxa7 0-1

[Event "FIDE Womens Grand Swiss 2021"]
[Site "Riga"]
[Date "2021.11.05"]
[Round "9.2"]
[White "Muzychuk, Mariya"]
[Black "Paehtz, Elisabeth"]
[Result "1-0"]
[ECO "C18"]
[WhiteElo "2536"]
[BlackElo "2475"]
[Annotator "ChessBase"]
[PlyCount "97"]
[EventDate "2021.10.27"]
[EventType "swiss"]
[EventCountry "LAT"]
[Tiebreak "Cut1 Buchholz+Sonneborn-Berger (Swiss)"]
[SourceTitle "playchess.com"]
[Source "ChessBase"]
[SourceQuality "1"]
[TimeControl "40/6000+30:20/3000+30:900+30"]

1. e4 e6 2. d4 d5 3. Nc3 Bb4 4. e5 c5 5. a3 Bxc3+ 6. bxc3 Qa5 7. Bd2 Qa4 8. Qg4 g6 9. Nf3 Nc6 10. Be2 h6 11. O-O Qxc2 12. dxc5 Nge7 13. Bb5 a6 14. Ba4 Qe4 15. Qxe4 dxe4 16. Nd4 Bd7 17. Bc2 Nxe5 18. Bxe4 O-O-O 19. Bf4 N5c6 20. Bd6 Nd5 21. Nxc6 Bxc6 22. c4 Nc3 23. Bxc6 bxc6 24. Rfe1 Na4 25. Rab1 Rxd6 26. cxd6 c5 27. Rb3 Rd8 28. Rd1 h5 29. f4 Rd7 30. Kf2 Ra7 31. d7+ Rxd7 32. Rb8+ Kc7 33. Rb7+ Kxb7 34. Rxd7+ Kc6 35. Rxf7 Nb2 36. Rf6 Kd7 37. Rxg6 Nxc4 38. f5 exf5 39. Rxa6 Nd6 40. Ke3 Ke6 41. a4 Kd5 42. a5 Nc4+ 43. Kd3 h4 44. h3 Nb2+ 45. Kc2 Nc4 46. Kc3 f4 47. Ra8 Ne3 48. a6 Kc6 49. Rb8 1-0

[Event "FIDE Womens Grand Swiss 2021"]
[Site "Riga"]
[Date "2021.11.05"]
[Round "9.3"]
[White "Zhu, Jiner"]
[Black "Pogonina, Natalija"]
[Result "1-0"]
[ECO "C99"]
[WhiteElo "2455"]
[BlackElo "2467"]
[Annotator "ChessBase"]
[PlyCount "93"]
[EventDate "2021.10.27"]
[EventType "swiss"]
[EventCountry "LAT"]
[Tiebreak "Cut1 Buchholz+Sonneborn-Berger (Swiss)"]
[SourceTitle "playchess.com"]
[Source "ChessBase"]
[SourceQuality "1"]
[TimeControl "40/6000+30:20/3000+30:900+30"]

1. e4 e5 2. Nf3 Nc6 3. Bb5 a6 4. Ba4 Nf6 5. O-O Be7 6. Re1 b5 7. Bb3 d6 8. c3 O-O 9. h3 Na5 10. Bc2 c5 11. d4 Qc7 12. Nbd2 cxd4 13. cxd4 Nc6 14. Nb3 a5 15. Be3 a4 16. Nbd2 Bd7 17. a3 Rfc8 18.
Bd3 Qb7 19. Qe2 Rab8 20. Rac1 exd4 21. Nxd4 Ne5 22. Bb1 h6 23. f4 Ng6 24. e5 Rxc1 25. Rxc1 Nd5 26. e6 Ngxf4 27. exf7+ Kf8 28. Bxf4 Nxf4 29. Qf2 g5 30. Kh2 Bf6 31. N2f3 Rc8 32. Rd1 Qd5 33. Qd2 Qxf7 34. g3 Ng6 35. Qb4 Kg7 36. Qxd6 Rd8 37. Bxg6 Qxg6 38. Ne5 Bxe5 39. Qxe5+ Kg8 40. Qd5+ Kh7 41.
Ne6 Bxe6 42. Qxd8 Qf7 43. Qd3+ Bf5 44. Rf1 Kg6 45. Qd6+ Kh7 46. Qe5 Kg6 47. g4 1-0

[Event "FIDE Womens Grand Swiss 2021"]
[Site "Riga"]
[Date "2021.11.05"]
[Round "9.5"]
[White "Kashlinskaya, Alina"]
[Black "Harika, Dronavalli"]
[Result "0-1"]
[ECO "D15"]
[WhiteElo "2493"]
[BlackElo "2511"]
[Annotator "ChessBase"]
[PlyCount "166"]
[EventDate "2021.10.27"]
[EventType "swiss"]
[EventCountry "LAT"]
[Tiebreak "Cut1 Buchholz+Sonneborn-Berger (Swiss)"]
[SourceTitle "playchess.com"]
[Source "ChessBase"]
[SourceQuality "1"]
[TimeControl "40/6000+30:20/3000+30:900+30"]

1. d4 d5 2. c4 c6 3. Nf3 Nf6 4. Nc3 a6 5. c5 g6 6. h3 Bg7 7. Bf4 Nbd7 8. e3 O-O 9. Bd3 Nh5 10. Bh2 Re8 11. g4 Nhf6 12. Qc2 Nf8 13. O-O-O N6d7 14. Kb1 a5 15. Na4 Ra7 16. Qb3 e5 17. Nxe5 Nxe5 18. Bxe5 Bxe5 19. dxe5 Rxe5 20. Qb6 Qxb6 21. Nxb6 Re8 22. a4 Nd7 23. Rc1 Kf8 24. Ka2 Ke7 25. Ka3 Nxb6 26. cxb6 Ra8 27. Rc5 Kd6 28. Rhc1 f5 29. gxf5 Bxf5 30. Bxf5 gxf5 31. R5c3 Ra6 32. Rb3 Rg8 33. Rd1 Kc5 34. Rc1+ Kd6 35. Rd1 Rg2 36. Rd4 Rxf2 37. Rh4 Kc5 38. Rh6 Rc2 39. Rxh7 Rxb6 40. Rxb7 Rxb7 41. Rxb7 Re2 42. Rb3 Rh2 43.
Rc3+ Kd6 44. b4 Rxh3 45. Kb3 axb4 46. Kxb4 Rh8 47. a5 Rb8+ 48. Ka4 Rb1 49. Ra3 Kc7 50. Ra2 Re1 51. Ra3 f4 52. exf4 Re4+ 53. Kb3 Rxf4 54. Ra1 Rf3+ 55. Kb4 Rf4+ 56. Kb3 Kb7 57. a6+ Ka7 58. Kc3 Rc4+ 59. Kd3 Rb4 60. Rc1 Kb6 61. Ra1 Ka7 62. Rc1 Rb6 63. Kd4 Rxa6 64. Kc5 Ra4 65. Rc2 Kb7 66. Kd6 Rc4 67. Rb2+ Ka6 68. Ke5 Ka5 69. Rb8 Ka4 70. Rb6 Ka5 71. Rb8 Rb4 72. Rc8 Kb5 73. Kd6 d4 74. Ke5 Kc5 75. Ra8 Kc4 76. Ke4 c5 77. Ra3 Rb3 78. Ra4+ Kc3 79. Kd5 d3 80. Kxc5 d2 81. Rc4+ Kb2 82. Rd4 Kc2 83. Kc4 Rb8 0-1